 Dungeon Crawl Stone Soup version 0.20.1-1-g8b1a95d (webtiles) character file.

159802 vineage the Fencer (level 16, 0/196 HPs)
             Began as a Demonspawn Fighter on Oct 8, 2017.
             Was the Champion of Okawaru (penitent).
             Slain by a stone giant (32 damage)
             ... created by the fury of Okawaru
             ... on level 1 of the Spider Nest.
             The game lasted 01:24:41 (34790 turns).

vineage the Fencer (Demonspawn Fighter)            Turns: 34790, Time: 01:24:42

Health: 0/196      AC: 24    Str: 35    XL:     16   Next: 90%
Magic:  0/17       EV: 20    Int: 13    God:    Okawaru [*]
Gold:   1963       SH: 17    Dex: 25    Spells: 15/15 levels left

rFire    + + .     SeeInvis +   u - +5 demon blade "Maropaixt" {venom, Int+2 Dex+6}
rCold    + . .     Gourm    .   A - +1 shield of Creativity {rPois Stlth+}
rNeg     + . .     Faith    .   m - +1 chain mail "Udwustre" {rF+ Str+4 Dex-3 SInv}
rPois    +         Spirit   +   T - +0 helmet of Sintunk {-Cast rN+ Dex+8}
rElec    .         Reflect  .   b - +2 cloak {MR+}
rCorr    .         Harm     .   w - +0 pair of gloves
MR       ++...     NoCast   +   F - +0 pair of boots
Stlth    ..........             I - amulet of guardian spirit
Regen    0.5/turn               W - +3 ring of evasion
MPRegen  0.2/turn               G - ring of Xyppufut {Wiz rPois Str+5}

@: mighty, berserking, hasted, very quick
A: fangs 1, talons 2, molten scales 3, cold resistance 1, demonic guardian 3,
poison resistance, augmentation 1
}: 1/15 runes: decaying
a: Renounce Religion


You were on level 1 of the Spider Nest.
You worshipped Okawaru.
Okawaru was demanding penance.
You were hungry.

You visited 6 branches of the dungeon, and saw 29 of its levels.
You also visited: Ice Cave.

You collected 2786 gold pieces.
You spent 823 gold pieces at shops.

Inventory:

Hand Weapons
 c - a +0 demon blade of venom
 r - a +1 double sword of flaming
 u - the +5 demon blade "Maropaixt" (weapon) {venom, Int+2 Dex+6}
   (You acquired it on level 13 of the Dungeon)

   It poisons the flesh of those it strikes.
   It affects your intelligence (+2).
   It affects your dexterity (+6).
 D - a +2 demon whip of venom
Missiles
 O - 3 tomahawks of returning (quivered)
Armour
 b - a +2 cloak of magic resistance (worn)
 m - the +1 chain mail "Udwustre" (worn) {rF+ Str+4 Dex-3 SInv}
   (Okawaru gifted it to you on level 3 of the Swamp)

   It affects your strength (+4).
   It affects your dexterity (-3).
   It protects you from fire.
   It lets you see invisible.
 p - a scarf of cloud immunity
 w - a +0 pair of gloves (worn)
 A - the +1 shield of Creativity (worn) {rPois Stlth+}
   (Okawaru gifted it to you on level 2 of the Swamp)

   It protects you from poison.
   It makes you more stealthy.
 F - a +0 pair of boots (worn)
 P - the +0 ring mail of Eloijuq {rN+}
   (Okawaru gifted it to you on level 3 of the Lair of Beasts)

   It protects you from negative energy.
 T - the +0 helmet of Sintunk (worn) {-Cast rN+ Dex+8}
   (Okawaru gifted it to you on level 4 of the Lair of Beasts)

   It affects your dexterity (+8).
   It protects you from negative energy.
   It prevents spellcasting.
Jewellery
 q - an uncursed ring of positive energy {unknown}
 y - a +2 ring of protection
 B - an uncursed ring of protection from cold
 G - the ring of Xyppufut (right hand) {Wiz rPois Str+5}
   (You found it on level 14 of the Dungeon)

   [ring of wizardry]

   It improves your spell success rate.
   It affects your strength (+5).
   It protects you from poison.
 I - an amulet of guardian spirit (around neck)
 S - an uncursed ring of magical power {unknown}
 W - a +3 ring of evasion (left hand)
Wands
 i - a wand of random effects (27/48)
 C - a wand of digging (23/24)
Scrolls
 g - 6 scrolls of magic mapping
 h - 3 scrolls of recharging
 j - 7 scrolls of amnesia
 k - 11 scrolls of remove curse
 l - a scroll of summoning {unknown}
 o - 2 scrolls of fear
 H - a scroll of identify
 K - a scroll of blinking
 M - 4 scrolls of enchant armour
 N - 2 scrolls of fog
 Q - a scroll of teleportation
 R - a scroll of acquirement
 Z - 3 scrolls of immolation
Potions
 e - 2 potions of ambrosia
 n - 3 potions of invisibility
 s - a potion of cancellation
 x - 4 potions of magic
 E - 2 potions of might
 J - 2 potions of agility
 L - 2 potions of haste
 U - a potion of flight
 V - 4 potions of brilliance
Miscellaneous
 a - a lamp of fire
 v - a phial of floods
Comestibles
 d - 11 meat rations
 f - 12 bread rations
 t - 15 royal jellies
 z - 12 fruits


   Skills:
 + Level 13.3 Fighting
 + Level 16.1 Long Blades
 + Level 0.3 Throwing
 + Level 10.8 Armour
 + Level 8.8 Dodging
 + Level 5.5 Stealth
 + Level 14.0 Shields
 + Level 1.8 Invocations


You had 15 spell levels left.
You didn't know any spells.

Dungeon Overview and Level Annotations

Branches:
Dungeon (15/15)            Temple (1/1) D:5            Lair (6/6) D:9
  Swamp (4/4) Lair:3       Spider (1/4) Lair:2          Orc (2/2) D:10
    Elf (0/3) Orc:2        Vaults (0/5) D:13         Depths (0/5) D:15
  Slime: Lair:5-6

Altars:
Gozag
Hepliaklqana
Kikubaaqudgha
Makhleb
Okawaru
Qazlal
Sif Muna
Uskayaw
The Shining One
Beogh

Shops:
D:5 %(%!*   D:8 [%   D:13 *   D:14 !   Orc:1 =   Orc:2 }}!?

Annotations:
D:7 1 runed door
Lair:5 exclusion: 2 oklob plants


Innate Abilities, Weirdness & Mutations

You have razor-sharp toenails.
You are completely covered in molten scales. (AC +4, rF+)
Your flesh is cold resistant. (rC+)
A powerful demonic guardian rushes to your aid.
Your magical and physical power is slightly enhanced at high health.
You have very sharp teeth.
Your system is resistant to poisons. (rPois)


Message History

The stone giant is almost dead.
The white draconian breathes frost at you.
The chilling blast hits you! You resist.
* * * LOW HITPOINT WARNING * * *
You block the orc's attack. The ogre misses you.
A red film seems to cover your vision as you go berserk!
You feel yourself moving faster!
You feel mighty!
The orc warlord hits your cacodemon with a war axe of venom!
The orc warlord hits you but does no damage.
The orc sorcerer hits your cacodemon with a dagger.
Your cacodemon gestures at the orc warlord.
The orc warlord appears confused.
You block the white draconian's attack. You block the stone giant's attack.
A worker ant comes into view.
You feel a strong urge to attack something.
The orc misses you.
The worker ant moves out of view.
The orc warlord hits the ogre with a war axe of venom.
The orc warlord hits something with a war axe of venom.
The stone giant hits you!!
You die...

#..=#......# ###.
....#.#.####
##...##.#....#...###.##
#...#.(..$......#.#...#
....<....#.#.........#
......#...#.......#..##
.#...#.†.†...#.......^
.......†...[.#.....#
##.#.#.#.#††....@.#
....#...#......C.o#
.#...........#odO#h.^..#
#.............#.#oo2....
.#.##..#...#.ao#.o.#....
.#.......##^#.%.oo......
. #..... #......#.####.
..#... #.....#### #
...?....#.#.#


You could see an orc warlord (confused), a white draconian, a stone giant, a
warg, an orc warrior, an ogre, a worker ant, 5 orcs and a friendly cacodemon.

Vanquished Creatures
  A bone dragon (Swamp:4)
  The ghost of Exporg the Wrestler, an adept TrBe of Trog (D:15)
  A thorn hunter (Swamp:2)
  Frances (Swamp:2)
  A very ugly thing (Swamp:4)
  A black draconian (Spider:1)
  An ogre mage (Orc:2)
  A fire dragon (D:15)
  Erolcha (D:13)
  4 ghost crabs
  14 hydras
  2 vault guards (D:13)
  Erica (D:8)
  A catoblepas (Lair:6)
  A centaur warrior (D:14)
  An orc high priest (Orc:1)
  14 alligators
  14 two-headed ogres
  Urug (D:13)
  A soul eater (Swamp:3)
  The ghost of ThereIsNoGod the Basher, a novice TrFi (D:7)
  3 skeletal warriors (D:14)
  2 unseen horrors
  2 swamp dragons
  The ghost of Frank the Carver, a novice OpFi of Gozag (D:8)
  2 spectral hydras (Swamp:4)
  3 spriggan druids
  2 wizards (D:13)
  4 shambling mangroves (Swamp:2)
  An orc knight (D:10)
  A wolf spider zombie (D:15)
  4 ugly things
  A wolf spider (Spider:1)
  An oklob plant (Swamp:2)
  3 deep elf magi
  An orb spider (Lair:2)
  A manticore (D:12)
  9 elephants
  5 cyclopes
  2 black mambas
  A centaur zombie (D:14)
  2 ice statues (IceCv)
  27 spiny frogs
  6 komodo dragons
  A yaktaur (D:13)
  4 swamp worm zombies (Swamp:4)
  A gargoyle (D:13)
  A freezing wraith (D:14)
  5 kobold demonologists
  4 ice devils (IceCv)
  4 rime drakes
  A tengu conjurer (D:13)
  6 hydra zombies (Swamp:4)
  A jumping spider (Spider:1)
  5 trolls
  A queen bee (Lair:3)
  18 hornets
  3 polar bears (Lair:6)
  3 alligator zombies (Swamp:4)
  8 bog bodies
  7 tyrant leeches
  3 spectral swamp dragons (Swamp:4)
  2 dream sheep (Lair:6)
  7 blink frogs
  5 hippogriffs
  4 slime creatures (Swamp:1)
  A spriggan (shapeshifter) (D:12)
  4 shadows
  20 spriggans
  2 redbacks (Spider:1)
  2 tarantellas (Spider:1)
  2 wyverns
  A human (D:13)
  2 vampires
  56 yaks
  4 basilisks
  4 hungry ghosts
  11 vampire mosquitoes
  Menkaure (D:4)
  An acid dragon (D:15)
  5 soldier ants
  12 swamp worms
  25 insubstantial wisps
  12 water moccasins
  16 porcupines
  4 sky beasts
  12 orc warriors
  8 swamp drakes
  4 ice beasts
  7 phantoms
  7 black bears
  An eye of draining (D:5)
  19 ogres
  3 boggarts (Lair:6)
  A swamp dragon zombie (Swamp:4)
  The ghost of vineage the Skirmisher, an amateur DsFi (D:4)
  25 wolves
  8 centaurs
  16 crocodiles
  4 big kobolds
  18 bullfrogs
  A wyvern skeleton (D:8)
  A scorpion (D:5)
  27 killer bees
  An oklob sapling (Swamp:2)
  8 wights
  4 howler monkeys
  2 electric eels (D:10)
  8 crimson imps
  6 hounds
  A bullfrog zombie (D:12)
  3 bullfrog skeletons
  A centaur skeleton (D:5)
  4 jellies
  12 orc priests
  Jessica (D:3)
  4 iguanas
  14 orc wizards
  A spectral swamp drake (Swamp:4)
  16 worker ants
  A hound zombie (D:6)
  2 hound skeletons
  3 gnolls (D:7)
  13 adders
  A swamp drake zombie (Swamp:4)
  7 shadow imps
  4 white imps (IceCv)
  9 ufetubi (IceCv)
  An ooze (D:2)
  3 adder zombies
  4 adder skeletons
  6 worms
  4 dart slugs
  5 leopard geckos
  61 orcs
  6 bats
  9 giant cockroaches
  A goblin (D:3)
  4 hobgoblins
  18 jackals
  A quokka (D:2)
  4 ball pythons
  3 frilled lizards
  24 kobolds
  A leopard gecko skeleton (D:7)
  3 rats
  A butterfly (D:7)
875 creatures vanquished.

Vanquished Creatures (collateral kills)
  Rupert (Orc:2)
  A thorn hunter (Swamp:2)
  A fire dragon (D:15)
  3 ogre magi (Orc:2)
  A vault guard (D:13)
  2 hydras
  2 ghost crabs
  5 two-headed ogres (Orc:2)
  An alligator (Swamp:2)
  A deep elf knight (D:13)
  2 skeletal warriors (D:14)
  An orc sorcerer (Spider:1)
  2 orc knights (D:13)
  A cyclops (D:12)
  A torpor snail (Lair:3)
  A kobold demonologist (D:14)
  2 komodo dragons
  A yaktaur (D:12)
  2 ice devils (IceCv)
  2 hornets (Swamp:2)
  A troll (D:12)
  A blink frog (Lair:4)
  2 dream sheep (Lair:3)
  Sigmund (D:4)
  A spriggan (Swamp:2)
  2 redbacks (Spider:1)
  A tarantella (Spider:1)
  6 yaks
  A warg (Orc:2)
  2 swamp worms
  2 insubstantial wisps (Swamp:4)
  A meliai simulacrum (D:15)
  A sky beast (D:12)
  2 orc warriors (Orc:2)
  9 ogres
  3 wolves (Lair:6)
  2 centaurs (D:14)
  A big kobold (D:14)
  2 wights (D:10)
  A crimson imp (D:13)
  A hound (D:13)
  A spectral swamp drake (Swamp:4)
  2 worker ants
  An adder (D:2)
  5 orcs
  2 giant cockroaches (D:7)
  A goblin (D:2)
  A jackal (D:9)
  A quokka (D:7)
  2 kobolds (D:14)
92 creatures vanquished.

Vanquished Creatures (others)
  A spriggan druid (Swamp:4)
  A shambling mangrove (Swamp:4)
  A spiny frog (Swamp:4)
  A hornet (Swamp:4)
  An insubstantial wisp (Swamp:4)
  A swamp drake (Swamp:4)
  An orc wizard (D:13)
  3 white imps (IceCv)
  2 ufetubi (IceCv)
  A dart slug (D:6)
  14 fungi
  10 plants
37 creatures vanquished.

Grand Total: 1004 creatures vanquished

Notes
Turn   | Place    | Note
-------+----------+-------------------------------------------
     0 | D:1      | vineage the Demonspawn Fighter began the quest for the Orb.
     0 | D:1      | Reached XP level 1. HP: 18/18 MP: 1/1
   234 | D:1      | Gained mutation: A weak demonic guardian rushes to your aid. [demonic ancestry]
   234 | D:1      | Reached XP level 2. HP: 16/24 MP: 2/2
   557 | D:2      | Reached skill level 2 in Long Blades
   823 | D:2      | Reached XP level 3. HP: 21/29 MP: 3/3
  1546 | D:2      | Gained mutation: Your flesh is cold resistant. (rC+) [demonic ancestry]
  1546 | D:2      | Reached XP level 4. HP: 21/35 MP: 4/4
  1721 | D:3      | Noticed an ice beast
  1747 | D:3      | Killed an ice beast
  1747 | D:3      | Reached skill level 3 in Long Blades
  1747 | D:3      | Gained mutation: You have sharp toenails. [demonic ancestry]
  1747 | D:3      | Reached XP level 5. HP: 27/42 MP: 5/5
  1868 | D:3      | Noticed Jessica
  1874 | D:3      | Killed Jessica
  2711 | D:4      | Reached skill level 1 in Dodging
  2714 | D:4      | Reached skill level 4 in Long Blades
  2801 | D:4      | Noticed an ogre
  2810 | D:4      | Killed an ogre
  2810 | D:4      | Gained mutation: You are partially covered in molten scales. (AC +2) [demonic ancestry]
  2810 | D:4      | Reached XP level 6. HP: 29/48 MP: 6/6
  3052 | D:4      | Noticed vineage's ghost (amateur DsFi)
  3064 | D:4      | Killed vineage's ghost
  3189 | D:4      | Reached XP level 7. HP: 40/54 MP: 7/7
  3336 | D:4      | Noticed Sigmund
  3348 | D:4      | Killed Sigmund
  3465 | D:4      | Reached skill level 5 in Long Blades
  3755 | D:4      | Noticed Menkaure
  3770 | D:4      | Killed Menkaure
  4170 | D:4      | Gained mutation: You tend to lose your temper in combat. [potion of mutation]
  4170 | D:4      | Gained mutation: You are agile. (Dex +2) [potion of mutation]
  4170 | D:4      | Gained mutation: Your system is resistant to poisons. (rPois) [potion of mutation]
  4171 | D:4      | Lost mutation: You tend to lose your temper in combat. [potion of mutation]
  4171 | D:4      | Lost mutation: You are agile. (Dex +2) [potion of mutation]
  4171 | D:4      | Lost mutation: Your system is resistant to poisons. (rPois) [potion of mutation]
  4171 | D:4      | Gained mutation: You have an increased reservoir of magic. (+10% MP) [potion of mutation]
  4171 | D:4      | Gained mutation: You are covered in fur. (AC +1) [potion of mutation]
  4172 | D:4      | Lost mutation: You are covered in fur. (AC +1) [potion of mutation]
  4172 | D:4      | Lost mutation: You have an increased reservoir of magic. (+10% MP) [potion of mutation]
  4172 | D:4      | Gained mutation: Your system is resistant to poisons. (rPois) [potion of mutation]
  4172 | D:4      | Gained mutation: You have very sharp teeth. [potion of mutation]
  4193 | D:5      | Entered Level 5 of the Dungeon
  4193 | D:5      | Found Owaujao's Food Shoppe.
  4193 | D:5      | Noticed a hornet
  4217 | D:5      | Killed a hornet
  4217 | D:5      | Reached XP level 8. HP: 11/61 MP: 1/8
  4572 | D:5      | Found Owko's Distillery.
  4580 | D:5      | Bought a potion of heal wounds for 75 gold pieces
  4580 | D:5      | Bought a potion of curing for 45 gold pieces
  4580 | D:5      | Bought a potion of curing for 45 gold pieces
  4589 | D:5      | Found a staircase to the Ecumenical Temple.
  4605 | Temple   | Entered the Ecumenical Temple
  4676 | Temple   | Became a worshipper of Warmaster Okawaru
  4736 | D:5      | Reached skill level 6 in Long Blades
  4748 | D:5      | Found Zoxteh's Assorted Antiques.
  4802 | D:5      | Found Metiotzu's Food Emporium.
  4867 | D:5      | Found Muawaduh's Antique Weapon Boutique.
  5397 | D:6      | Reached skill level 5 in Armour
  5397 | D:6      | Reached skill level 5 in Shields
  5719 | D:6      | HP: 2/61 [electric eel/bolt of electricity (10)]
  6351 | D:7      | Reached * piety under Okawaru
  6414 | D:7      | Found a runed door.
  6427 | D:7      | Found a runed door.
  6452 | D:7      | Reached skill level 7 in Long Blades
  6455 | D:7      | Reached XP level 9. HP: 60/67 MP: 9/9
  6509 | D:7      | Reached skill level 1 in Stealth
  6546 | D:7      | Reached skill level 5 in Fighting
  6578 | D:7      | Noticed ThereIsNoGod's ghost (novice TrFi)
  6592 | D:7      | Killed ThereIsNoGod's ghost
  6592 | D:7      | Reached ** piety under Okawaru
  7696 | D:8      | Found Newazxoh's Antique Armour Shoppe.
  7750 | D:8      | Noticed Erica
  7766 | D:8      | Killed Erica
  7766 | D:8      | Reached *** piety under Okawaru
  7766 | D:8      | Reached skill level 8 in Long Blades
  7951 | D:8      | Found Syvvayra's Food Shoppe.
  8006 | D:8      | Gained mutation: You have razor-sharp toenails. [demonic ancestry]
  8006 | D:8      | Reached XP level 10. HP: 76/76 MP: 10/10
  8012 | D:8      | Noticed Frank's ghost (novice OpFi)
  8026 | D:8      | Reached **** piety under Okawaru
  8046 | D:8      | Killed Frank's ghost
  8305 | D:8      | Noticed a two-headed ogre
  8315 | D:8      | Killed a two-headed ogre
  8555 | D:8      | Reached skill level 9 in Long Blades
  8703 | D:8      | Found a hide-covered altar of Uskayaw.
  8867 | D:9      | Noticed a two-headed ogre
  8878 | D:9      | Killed a two-headed ogre
  8878 | D:9      | Reached ***** piety under Okawaru
  9749 | D:9      | Found a staircase to the Lair.
 10033 | D:10     | Entered Level 10 of the Dungeon
 10346 | D:10     | Reached XP level 11. HP: 78/83 MP: 11/11
 11046 | D:10     | Noticed a purple ugly thing
 11047 | D:10     | Noticed a two-headed ogre
 11117 | D:10     | Killed a purple ugly thing
 11125 | D:10     | Killed a two-headed ogre
 11460 | D:10     | Received a gift from Okawaru
 11483 | D:10     | Reached skill level 10 in Long Blades
 11539 | D:10     | Reached skill level 1 in Invocations
 12151 | D:10     | Reached skill level 5 in Dodging
 12506 | D:10     | Noticed an orc knight
 12506 | D:10     | HP: 4/84 [orc knight/bolt (10)]
 12981 | D:10     | Killed an unseen horror
 12981 | D:10     | Reached ****** piety under Okawaru
 13362 | D:10     | Killed an orc knight
 13362 | D:10     | Received a gift from Okawaru
 13365 | D:10     | Got a crude hand crossbow {god gift}
 13549 | D:10     | Found a staircase to the Orcish Mines.
 13662 | Lair:1   | Entered Level 1 of the Lair of Beasts
 13996 | Lair:1   | Gained mutation: You are mostly covered in molten scales. (AC +3) [demonic ancestry]
 13996 | Lair:1   | Reached XP level 12. HP: 92/92 MP: 12/12
 14003 | Lair:1   | Reached skill level 11 in Long Blades
 14008 | Lair:1   | Received a gift from Okawaru
 14254 | Lair:1   | Found a dark tunnel.
 14278 | Lair:1   | You fall through a shaft!
 14634 | Lair:1   | Noticed a six-headed hydra
 14654 | Lair:1   | Killed a three-headed hydra
 14895 | Lair:2   | Found a hole to the Spider Nest.
 15450 | Lair:3   | Received a gift from Okawaru
 15777 | Lair:3   | Reached skill level 12 in Long Blades
 15786 | Lair:3   | Received a gift from Okawaru
 15791 | Lair:3   | Got a jasper-encrusted ring mail {god gift}
 15802 | Lair:3   | Identified the +0 ring mail of Eloijuq {rN+} (Okawaru gifted it to you on level 3 of the Lair of Beasts)
 15867 | Lair:3   | Noticed a five-headed hydra
 15877 | Lair:3   | Killed a three-headed hydra
 16212 | Lair:3   | Found a staircase to the Swamp.
 16412 | Lair:3   | Noticed a six-headed hydra
 16420 | Lair:3   | Killed a two-headed hydra
 16724 | Lair:4   | Gained mutation: You are completely covered in molten scales. (AC +4, rF+) [demonic ancestry]
 16724 | Lair:4   | Reached XP level 13. HP: 48/101 MP: 4/14
 17335 | Lair:4   | Received a gift from Okawaru
 17455 | Lair:4   | Received a gift from Okawaru
 17455 | Lair:4   | Reached skill level 10 in Shields
 17458 | Lair:4   | Got a distressingly furry helmet {god gift}
 17464 | Lair:4   | Identified the +0 helmet of Sintunk {-Cast rN+ Dex+8} (Okawaru gifted it to you on level 4 of the Lair of Beasts)
 17976 | Lair:5   | Reached skill level 13 in Long Blades
 18620 | Lair:6   | Entered Level 6 of the Lair of Beasts
 18887 | Lair:6   | Reached skill level 10 in Fighting
 20608 | Lair:6   | Gained mutation: A demonic guardian rushes to your aid. [demonic ancestry]
 20608 | Lair:6   | Reached XP level 14. HP: 91/111 MP: 13/15
 20823 | D:11     | Found a frozen archway.
 20832 | IceCv    | Entered an ice cave
 20948 | IceCv    | Received a gift from Okawaru
 22240 | D:12     | Reached skill level 14 in Long Blades
 22869 | D:12     | Identified Loibbidy's Disquisition on Scorching Contamination
 23983 | D:13     | Found Muanlik's Assorted Antiques.
 23990 | D:13     | Bought a scroll labeled SOITHOUTTO for 31 gold pieces
 23990 | D:13     | Identified a scroll of acquirement
 23996 | D:13     | Got an ancient demon blade
 23997 | D:13     | Identified the +5 demon blade "Maropaixt" {venom, Int+2 Dex+6} (You acquired it on level 13 of the Dungeon)
 24056 | D:13     | Found a gate to the Vaults.
 24314 | D:13     | Received a gift from Okawaru
 24331 | D:13     | Noticed Urug
 24345 | D:13     | Killed Urug
 24378 | D:13     | Noticed Erolcha
 24393 | D:13     | Killed Erolcha
 24576 | D:14     | Found Qoom's Distillery.
 24637 | D:14     | Got a scintillating iron ring
 25095 | D:15     | Entered Level 15 of the Dungeon
 25118 | D:15     | Noticed Exporg's ghost (adept TrBe)
 25144 | D:15     | Killed Exporg's ghost
 25144 | D:15     | Gained mutation: A powerful demonic guardian rushes to your aid. [demonic ancestry]
 25144 | D:15     | Reached XP level 15. HP: 29/119 MP: 3/16
 25756 | D:15     | Found a staircase to the Depths.
 25929 | D:15     | Identified the ring of Xyppufut {Wiz rPois Str+5} (You found it on level 14 of the Dungeon)
 26132 | Orc:1    | Entered Level 1 of the Orcish Mines
 26227 | Orc:1    | Reached skill level 15 in Long Blades
 26678 | Orc:1    | Found Plog's Jewellery Boutique.
 26776 | Orc:2    | Entered Level 2 of the Orcish Mines
 26830 | Orc:2    | Noticed Rupert
 26839 | Orc:2    | Killed Rupert
 26875 | Orc:2    | Found a roughly hewn altar of Beogh.
 27002 | Orc:2    | Received a gift from Okawaru
 27038 | Orc:2    | Received a gift from Okawaru
 27235 | Orc:2    | Found a staircase to the Elven Halls.
 27316 | Orc:2    | Found Soiferyss's Gadget Emporium.
 27316 | Orc:2    | Found Legepali's Gadget Shop.
 27317 | Orc:2    | Found Coynyiko's Distillery.
 27317 | Orc:2    | Found Yli Mul's Magic Scroll Shoppe.
 27537 | Orc:2    | Bought 2 scrolls of magic mapping for 77 gold pieces
 27537 | Orc:2    | Bought a scroll of enchant armour for 82 gold pieces
 27538 | Orc:2    | Bought a potion of might for 72 gold pieces
 27538 | Orc:2    | Bought a potion of curing for 54 gold pieces
 27538 | Orc:2    | Bought a potion of haste for 180 gold pieces
 27538 | Orc:2    | Bought a potion of heal wounds for 90 gold pieces
 27538 | Orc:2    | Bought a potion of might for 72 gold pieces
 27775 | Swamp:1  | Entered Level 1 of the Swamp
 27842 | Swamp:1  | Reached skill level 10 in Armour
 28153 | Swamp:1  | You fall through a shaft!
 28519 | Swamp:2  | Noticed Frances
 28533 | Swamp:2  | Killed Frances
 28533 | Swamp:2  | Received a gift from Okawaru
 28538 | Swamp:2  | Got a heavily runed shield {god gift}
 28549 | Swamp:2  | Identified the +1 shield of Creativity {rPois Stlth+} (Okawaru gifted it to you on level 2 of the Swamp)
 29136 | Swamp:2  | Noticed a thorn hunter
 29150 | Swamp:2  | Killed a thorn hunter
 29202 | Swamp:2  | Noticed a thorn hunter
 29215 | Swamp:2  | Killed a thorn hunter
 29490 | Swamp:2  | Reached skill level 5 in Stealth
 29652 | Swamp:2  | Gained mutation: Your magical and physical power is slightly enhanced at high health. [demonic ancestry]
 29652 | Swamp:2  | Reached XP level 16. HP: 111/128 MP: 17/17
 30497 | Swamp:3  | Received a gift from Okawaru
 30524 | Swamp:3  | Got a fine chain mail {god gift}
 30535 | Swamp:3  | Identified the +1 chain mail "Udwustre" {rF+ Str+4 Dex-3 SInv} (Okawaru gifted it to you on level 3 of the Swamp)
 31287 | Swamp:4  | Entered Level 4 of the Swamp
 32218 | Swamp:4  | Noticed a bone dragon
 32777 | Swamp:4  | Received a gift from Okawaru
 32830 | Swamp:4  | Killed a bone dragon
 33227 | Swamp:4  | Reached skill level 16 in Long Blades
 33600 | Swamp:4  | Got a decaying rune of Zot
 34594 | Spider:1 | Entered Level 1 of the Spider Nest
 34622 | Spider:1 | Was placed under penance by Okawaru
 34790 | Spider:1 | Slain by a stone giant

Skill      XL: |  1  2  3  4  5  6  7  8  9 10 11 12 13 14 15 16 |
---------------+-------------------------------------------------+-----
Long Blades    | 2 3 4 5 7 8 9 10 12 13 14 15 16 | 16.1
Shields        | 3 4 5 6 7 8 9 10 11 12 14 | 14.0
Armour         | 3 4 5 6 7 8 9 10 | 10.8
Dodging        | 1 2 3 4 5 6 7 8 |  8.8
Fighting       | 4 5 6 8 9 10 11 12 13 | 13.3
Stealth        | 1 2 3 5 |  5.5
Invocations    | 1 |  1.8
Throwing       | |  0.3

Action                   |  1- 3 |  4- 6 |  7- 9 | 10-12 | 13-15 | 16-18 || total
-------------------------+-------+-------+-------+-------+-------+-------++-------
Melee: Long sword        |   128 |   166 |   324 |    37 |       |       ||   655
       Kick              |       |    29 |   121 |   283 |     4 |       ||   437
       Bite              |       |       |    36 |   100 |   335 |   173 ||   644
       Scimitar          |       |       |    27 |   248 |       |       ||   275
       Double sword      |       |       |       |   470 |   801 |   167 ||  1438
       Demon blade       |       |       |       |       |   742 |   606 ||  1348
Throw: Tomahawk          |       |       |       |     3 |       |       ||     3
Invok: Heroism           |       |       |       |     4 |     4 |     2 ||    10
       Finesse           |       |       |       |     1 |       |       ||     1
  Use: Potion            |     1 |       |     9 |    11 |     8 |    10 ||    39
       Scroll            |       |       |    16 |    12 |    10 |     8 ||    46
 Stab: Distracted        |       |       |     2 |     3 |    12 |     5 ||    22
       Sleeping          |       |       |       |       |    10 |     1 ||    11
       Confused          |       |       |       |       |       |     1 ||     1
  Eat: Chunk             |     2 |     5 |    15 |    23 |    34 |     9 ||    88
       Fruit             |       |       |     5 |     6 |     5 |     5 ||    21
       Bread ration      |       |       |       |       |     1 |     1 ||     2
       Royal jelly       |       |       |       |       |     1 |       ||     1
Armor: Scale mail        |    59 |    80 |   119 |   175 |       |       ||   433
       Skin              |       |       |     7 |    16 |       |       ||    23
       Plate armour      |       |       |       |   146 |       |       ||   146
       Ring mail         |       |       |       |    32 |   311 |    41 ||   384
       Chain mail        |       |       |       |       |       |   298 ||   298
Dodge: Dodged            |    29 |    65 |   122 |   247 |   635 |   482 ||  1580
Block: Shield            |    65 |    80 |   190 |   486 |  1009 |   553 ||  2383
       Rpst.: Long sword |    10 |    23 |    35 |     2 |       |       ||    70
       Scimitar          |       |       |       |    17 |       |       ||    17
       Double sword      |       |       |       |    40 |    91 |    11 ||   142
       Demon blade       |       |       |       |       |    66 |    64 ||   130
